 Dungeon Crawl Stone Soup version 0.20.0-15-g7f486f2 (webtiles) character file.

4655 Naow the Cleaver (level 10, -8/94 HPs)
             Began as a Minotaur Berserker on June 10, 2017.
             Was an Elder of Trog.
             Killed from afar by a deep elf knight (19 damage)
             ... with a shard of ice
             ... on level 9 of the Dungeon.
             The game lasted 00:09:15 (9544 turns).

Naow the Cleaver (Minotaur Berserker)               Turns: 9544, Time: 00:09:16

Health: -8/94      AC: 13    Str: 24    XL:     10   Next: 20%
Magic:  9/9        EV:  7    Int:  4    God:    Trog [****..]
Gold:   401        SH:  0    Dex: 11    Spells: 9/9 levels left

rFire    . . .     SeeInvis .   a - +0 hand axe
rCold    . . .     Gourm    .   (no shield)
rNeg     . . .     Faith    .   r - +0 plate armour
rPois    .         Spirit   .   (helmet restricted)
rElec    .         Reflect  .   (no cloak)
rCorr    .         Harm     .   k - +0 pair of gloves
MR       ++...                  (no boots)
Stlth    ..........             (no amulet)
Regen    1.3/turn               C - +1 ring of protection
MPRegen  0.2/turn               i - ring of stealth

@: berserk cooldown, starving, regenerating, slowed, very slow
A: retaliatory headbutt, horns 2
a: Berserk, Trog's Hand, Brothers in Arms, Burn Spellbooks, Renounce Religion


You were on level 9 of the Dungeon.
You worshipped Trog.
Trog was greatly pleased with you.
You were starving.

You visited 1 branch of the dungeon, and saw 9 of its levels.

You collected 401 gold pieces.

Inventory:

Hand Weapons
 a - a +0 hand axe (weapon)
Armour
 b - a +0 animal skin
 k - a +0 pair of gloves (worn)
 r - a +0 plate armour (worn)
Jewellery
 i - a ring of stealth (right hand)
 o - an uncursed ring of protection from fire
 C - a +1 ring of protection (left hand)
 G - an uncursed ring of ice
Wands
 D - a wand of flame (37/48)
 H - a wand of digging (11/24)
 L - a wand of scattershot (4/9)
 N - a wand of flame (26/48)
 O - a wand of enslavement (10/24)
 P - a wand of confusion (30/48)
 Q - a wand of random effects (9/48)
Scrolls
 e - 3 scrolls of teleportation {unknown}
 g - 3 scrolls of recharging {unknown}
 h - 3 scrolls of amnesia {unknown}
 l - a scroll of noise {unknown}
 m - 10 scrolls of identify {unknown}
 s - 3 scrolls of enchant weapon {unknown}
 t - 4 scrolls of remove curse {unknown}
 w - a scroll of fog {unknown}
 x - 2 scrolls of immolation {unknown}
 y - a scroll of random uselessness {unknown}
 E - 3 scrolls of fear {unknown}
 T - a scroll of brand weapon {unknown}
Potions
 f - a potion of agility
 j - 5 potions of curing
 n - a potion of heal wounds {unknown}
 p - a potion of invisibility
 q - a potion of magic {unknown}
 u - 2 potions of brilliance {unknown}
 v - 2 potions of berserk rage {unknown}
 A - 2 potions of degeneration {unknown}
 F - a potion of lignification {unknown}
 J - a potion of flight {unknown}
 K - 3 potions of haste {unknown}
 R - 2 potions of might {unknown}
Books
 B - a book of Conjurations

   Spells                             Type                      Level
   a - Magic Dart                     Conjuration                  1
   b - Searing Ray                    Conjuration                  2
   c - Dazzling Spray                 Conjuration/Hexes            3
   d - Fulminant Prism                Conjuration/Hexes            4
   e - Force Lance                    Conjuration/Translocation    4
   f - Iskenderun's Mystic Blast      Conjuration                  4
   Trog disapproves of the use of such an item.
 I - a book of Necromancy

   Spells                             Type                      Level
   a - Pain                           Necromancy                   1
   b - Animate Skeleton               Necromancy                   1
   c - Vampiric Draining              Necromancy                   3
   d - Regeneration                   Charms/Necromancy            3
   e - Animate Dead                   Necromancy                   4
   f - Control Undead                 Necromancy                   4
   Trog disapproves of the use of such an item.
 S - a book of Cantrips

   Spells                             Type                      Level
   a - Confusing Touch                Hexes                        1
   b - Animate Skeleton               Necromancy                   1
   c - Summon Small Mammal            Summoning                    1
   d - Apportation                    Translocation                1
   Trog disapproves of the use of such an item.
Comestibles
 c - 4 bread rations
 d - 2 royal jellies
 z - 3 fruits
 M - 3 meat rations


   Skills:
 + Level 10.6 Fighting
 * Level 14.5 Axes
 - Level 2.4 Armour
 - Level 2.1 Dodging


You had 9 spell levels left.
You didn't know any spells.

Dungeon Overview and Level Annotations

Branches:
Dungeon (9/15)             Temple (0/1) D:6
   Lair: D:8-11         Orc: D:9-12

Altars:
Ashenzari
The Shining One

Shops:
D:9 *

Annotations:
D:6 1 runed door


Innate Abilities, Weirdness & Mutations

You reflexively headbutt those who attack you in melee.
You have a pair of horns on your head.


Message History

The deep elf knight points at you and mumbles some strange words.
The stone arrow hits you!
A red film seems to cover your vision as you go berserk!
You feel yourself moving faster!
You feel mighty!
You are starving!
You feel a strong urge to attack something.
The deep elf knight casts a spell at you.
The stone arrow hits you!
You enter the shallow water.
Moving in this stuff is going to be slow.
You feel your anger subside.
The deep elf knight casts a spell at you.
The shard of ice hits you!
* * * LOW HITPOINT WARNING * * *
You are no longer berserk.
You are exhausted.
You feel yourself slow down.
The deep elf knight casts a spell at you.
The shard of ice hits you!
You die...

#.# #.#
#.###################
##
#.#.....[...........#
#.
#.#.###############.#
#. #.#.#
#...Ko..#P8#.# #.
#.#.# #≈≈≈≈≈≈≈#.P#.##
#. #...#
#..≈≈≈..#..#..## #.
#...#
+..@⌠≈..'..#©..####.
##..#
#..P≈≈..#..#........
##.#
#≈≈≈≈≈≈≈#.P#.######.
#.# #....eee#P8#.# #.
#.###############.#
#.
#.................#
##
###################


You could see 3 deep elf knights, a kobold demonologist and an orc priest.

Vanquished Creatures
  Grinder (D:3)
  A hippogriff (D:9)
  Sigmund (D:3)
  2 yaks
  A basilisk (D:8)
  Edmund (D:4)
  Duvessa (D:5)
  3 porcupines (D:8)
  3 orc warriors
  An ice beast (D:9)
  A phantom (D:9)
  A sky beast (D:6)
  A necrophage (D:5)
  6 centaurs
  5 ogres
  A crocodile (D:8)
  Blork the orc (D:5)
  4 bullfrogs
  A scorpion (D:6)
  Dowan (D:5)
  4 wights (D:6)
  2 howler monkeys
  5 crimson imps
  A jelly (D:7)
  5 orc wizards
  2 hounds
  4 orc priests
  A bullfrog skeleton (D:6)
  6 worker ants
  A hound skeleton (D:4)
  A gnoll (D:1)
  6 adders
  A shadow imp (D:9)
  An ooze (D:3)
  An adder skeleton (D:9)
  2 worms (D:3)
  2 dart slugs
  6 leopard geckos
  31 orcs
  4 giant cockroaches
  6 goblins
  5 hobgoblins
  12 jackals
  9 kobolds
  4 quokkas
  2 ball pythons
  7 bats
  6 frilled lizards (D:1)
  A jackal skeleton (D:6)
  5 rats
180 creatures vanquished.

Vanquished Creatures (others)
  A plant (D:8)
1 creature vanquished.

Grand Total: 181 creatures vanquished

Notes
Turn   | Place    | Note
-------+----------+-------------------------------------------
     0 | D:1      | Naow the Minotaur Berserker began the quest for the Orb.
     0 | D:1      | Reached XP level 1. HP: 19/19 MP: 0/0
   390 | D:1      | Reached skill level 4 in Axes
   419 | D:1      | Reached XP level 2. HP: 27/27 MP: 1/1
   825 | D:1      | Reached XP level 3. HP: 31/33 MP: 2/2
  1227 | D:2      | Reached ** piety under Trog
  1227 | D:2      | Reached skill level 5 in Axes
  2006 | D:3      | Reached XP level 4. HP: 36/40 MP: 3/3
  2207 | D:3      | Noticed Sigmund
  2220 | D:3      | Killed Sigmund
  2220 | D:3      | Reached skill level 5 in Fighting
  2220 | D:3      | Reached skill level 7 in Axes
  2220 | D:3      | Reached XP level 5. HP: 48/48 MP: 4/4
  2232 | D:3      | Reached XP level 6. HP: 16/56 MP: 5/5
  2886 | D:3      | Noticed Grinder
  2889 | D:3      | Paralysed by Grinder for 5 turns
  2900 | D:3      | Killed Grinder
  2900 | D:3      | Reached *** piety under Trog
  2900 | D:3      | Reached skill level 8 in Axes
  3384 | D:4      | Noticed Edmund
  3400 | D:4      | Killed Edmund
  3400 | D:4      | Reached XP level 7. HP: 38/63 MP: 6/6
  3658 | D:4      | Reached skill level 9 in Axes
  3762 | D:4      | Found a shattered altar of Ashenzari.
  4716 | D:5      | Entered Level 5 of the Dungeon
  5072 | D:5      | Reached skill level 10 in Axes
  5072 | D:5      | Reached XP level 8. HP: 68/73 MP: 7/7
  5316 | D:5      | Noticed Dowan
  5327 | D:5      | Killed Dowan
  5329 | D:5      | Noticed Duvessa
  5334 | D:5      | Killed Duvessa
  5440 | D:5      | Noticed Blork the orc
  5447 | D:5      | Killed Blork the orc
  5722 | D:6      | Reached skill level 11 in Axes
  5847 | D:6      | Found a glowing golden altar of the Shining One.
  5848 | D:6      | Found a runed door.
  5848 | D:6      | Noticed an angel
  6226 | D:6      | Reached skill level 12 in Axes
  6226 | D:6      | Reached XP level 9. HP: 82/82 MP: 8/8
  6298 | D:6      | Reached **** piety under Trog
  6669 | D:6      | Found a staircase to the Ecumenical Temple.
  7409 | D:7      | Reached skill level 13 in Axes
  7978 | D:8      | Reached skill level 10 in Fighting
  7979 | D:8      | HP: 4/85 [yak (5)]
  8443 | D:9      | Reached skill level 14 in Axes
  8453 | D:9      | Reached XP level 10. HP: 46/93 MP: 9/9
  8984 | D:9      | Found a transporter.
  9094 | D:9      | Found Ama Vyll's Assorted Antiques.
  9533 | D:9      | Noticed a deep elf knight
  9533 | D:9      | Noticed a deep elf knight
  9535 | D:9      | Noticed a deep elf knight
  9544 | D:9      | Killed from afar by a deep elf knight

Skill      XL: |  1  2  3  4  5  6  7  8  9 |
---------------+----------------------------+-----
Axes           | 4 5 7 8 10 12 14 | 14.5
Fighting       | 4 5 6 7 8 10 | 10.6
Armour         | |  2.4
Dodging        | |  2.1

Action                   |  1- 3 |  4- 6 |  7- 9 | 10-12 || total
-------------------------+-------+-------+-------+-------++-------
Melee: Hand axe          |    60 |   113 |   305 |    58 ||   536
       Headbutt          |    12 |    24 |    56 |    13 ||   105
Invok: Berserk           |       |     2 |     6 |     2 ||    10
       Trog's Hand       |       |       |     1 |     1 ||     2
  Use: Potion            |       |     2 |     1 |       ||     3
 Stab: Sleeping          |     1 |       |       |       ||     1
       Invisible         |       |       |     4 |       ||     4
  Eat: Chunk             |     3 |     7 |    14 |     5 ||    29
       Meat ration       |       |       |     1 |       ||     1
       Fruit             |       |       |     1 |       ||     1
Armor: Animal skin       |     7 |       |       |       ||     7
       Plate armour      |    17 |    62 |   143 |    21 ||   243
Dodge: Dodged            |    40 |    41 |    96 |    16 ||   193
